 Dungeon Crawl Stone Soup version 0.24-a0-275-g6f7e2cb4ba (webtiles) character file.

Game seed: 15587574331671376847

207 Redear the Skirmisher (level 5, -7/46 HPs)
             Began as a Demigod Fighter on Apr 28, 2019.
             Mangled by an ogre
             ... wielding a +0 giant club
              (16 damage)
             ... on level 3 of the Dungeon.
             The game lasted 00:08:19 (3893 turns).

Redear the Skirmisher (Demigod Fighter)             Turns: 3893, Time: 00:08:19

Health: -7/46      AC:  7    Str: 21    XL:     5   Next: 29%
Magic:  7/7        EV:  9    Int: 12    God:
Gold:   153        SH:  0    Dex: 15    Spells: 4/4 levels left

rFire    . . .     SeeInvis .   t - +2 whip (freeze)
rCold    . . .     Gourm    .   (no shield)
rNeg     . . .     Faith    .   b - +0 scale mail
rPois    .         Spirit   .   (no helmet)
rElec    .         Reflect  .   (no cloak)
rCorr    .         Harm     .   (no gloves)
MR       .....                  (no boots)
Stlth    ..........             (no amulet)
HPRegen  0.15/turn              (no ring)
MPRegen  0.10/turn              (no ring)

@: no status effects
A: high mp 1
a: no special abilities


You were on level 3 of the Dungeon.
You were near starving.

You visited 1 branch of the dungeon, and saw 4 of its levels.

You collected 153 gold pieces.

Inventory:

Hand Weapons
 a - a +0 flail
 o - a +0 whip
 q - a +1 dagger of protection
 r - a +1 hand axe of chopping
 t - a +2 whip of freezing (weapon)
Armour
 b - a +0 scale mail (worn)
 c - a +0 shield
 k - a +0 pair of gloves
 u - a +2 leather armour of cold resistance {rC+}
Scrolls
 e - a scroll of amnesia {unknown}
 f - a scroll of remove curse {unknown}
 g - 3 scrolls of teleportation {unknown}
 i - 2 scrolls of random uselessness {unknown}
 j - a scroll of fog {unknown}
 l - a scroll of fear {unknown}
 n - 3 scrolls of identify {unknown}
Potions
 d - 3 potions of might {Str+5 DMG+1d10 | @q3}
 h - 2 potions of magic {unknown}
 m - a potion of brilliance {unknown}
 p - 2 potions of haste {unknown}
 v - a potion of berserk rage {unknown}
 w - a potion of flight {unknown}
Comestibles
 z - 4 rations


   Skills:
 + Level 3.7 Fighting
 + Level 3.0 Maces & Flails
 + Level 3.7 Armour
 + Level 3.6 Shields


You had 4 spell levels left.
You didn't know any spells.
Your spell library was empty.

Dungeon Overview and Level Annotations

Branches:
Dungeon (4/15)
 Temple: D:4-7


Innate Abilities, Weirdness & Mutations

You have an increased reservoir of magic. (+10% MP)


Message History

The ogre barely misses you.
Unknown command.
Okay, then.
You feel better.
You regained 10 hp, and now have 26/46 hp.
Unknown command.
Unknown command.
Unknown command.
Okay, then.
Okay, then.
You aren't carrying any items that you can evoke.
Unknown command.
The ogre hits you with a +0 giant club!!
* * * LOW HITPOINT WARNING * * *
You take 18 damage, and have 9/46 hp.
MASSIVE DAMAGE!!
Unknown command.
Okay, then.
Okay, then.
The ogre hits you with a +0 giant club!
You die...

###... #.[.## #.#.##
########...#. ###
#........###.
#.######............
#........#......###.
#####.O...##.#.....####.
#......@....>...........
########.....#.######.#.
#........# #.#.
#.....#<.# #...
##.......# ####
#.).....# #.#.....#
#....##.# ####....#


You could see an ogre.

Vanquished Creatures
  An orc priest (D:3)
  7 adders
  A gnoll (D:1)
  An ooze (D:3)
  7 worms
  3 dart slugs
  4 leopard geckos
  4 orcs (D:3)
  A ball python (D:2)
  7 bats
  4 giant cockroaches
  5 goblins
  5 hobgoblins
  2 jackals (D:3)
  4 quokkas
  A frilled lizard (D:2)
  6 kobolds
  A leopard gecko skeleton (D:2)
  9 rats
73 creatures vanquished.

Notes
Turn   | Place    | Note
-------+----------+-------------------------------------------
     0 | D:1      | Redear the Demigod Fighter began the quest for the Orb.
     0 | D:1      | Reached XP level 1. HP: 18/18 MP: 3/3
    97 | D:1      | Reached skill level 2 in Maces & Flails
    97 | D:1      | Reached XP level 2. HP: 6/25 MP: 4/4
   964 | D:1      | Reached skill level 3 in Shields
  1063 | D:1      | Reached skill level 3 in Fighting
  1063 | D:1      | Reached skill level 3 in Armour
  1438 | D:2      | Reached XP level 3. HP: 17/31 MP: 5/5
  1630 | D:2      | Noticed a moth of wrath
  1633 | D:2      | Found a bloodstained altar of Trog.
  2153 | D:2      | Found a white marble altar of Elyvilon.
  2348 | D:2      | Reached XP level 4. HP: 29/38 MP: 6/6
  3406 | D:3      | Reached XP level 5. HP: 45/45 MP: 7/7
  3584 | D:3      | Reached skill level 3 in Maces & Flails
  3668 | D:4      | Noticed an ogre
  3669 | D:4      | Noticed an ogre
  3893 | D:3      | Mangled by an ogre

Levels and vault maps discovered:
D:1:      evilmike_arrival_plus, layout_basic, serial_co_window_serial,
          co_window_of_opportunity_a, co_window_corner_a, co_window_cross_1,
          co_window_paths_a, co_window_paths_b, co_window_corner_b,
          co_window_paths_c, co_window_of_opportunity_c,
          co_window_unsneaky_path_d, minmay_pentomino_v4
D:2:      layout_loops_corners, tgw_trog, lemuel_coloured_pillars_altar,
          minmay_split_cup_large
D:3:      layout_basic
D:4:      layout_rooms, minmay_temple_entry_gardened_gates

Skill      XL: |  1  2  3  4  5 |
---------------+----------------+-----
Maces & Flails | 2 3 |  3.0
Shields        | 3 |  3.6
Fighting       | 3 |  3.7
Armour         | 3 |  3.7

Action                   |  1- 3 |  4- 6 || total
-------------------------+-------+-------++-------
Melee: Flail             |   121 |    22 ||   143
       Whip              |       |    97 ||    97
       Hand axe          |       |    21 ||    21
  Use: Potion            |     3 |     1 ||     4
  Eat: Chunk             |     4 |     4 ||     8
Armor: Scale mail        |    51 |    85 ||   136
Dodge: Dodged            |    68 |    70 ||   138
Block: Shield            |     3 |       ||     3

Table legend:
 A = Non-vault XP
 B = Vault XP
 C = Vault XP percentage of total XP
 D = Non-vault monster count
 E = Vault monster count
 F = Vault count percentage of total count
                 A         B        C        D         E       F
            +---------+---------+-------+---------+---------+-------
      Total |     254 |      43 |  14.5 |      62 |      11 |  15.1
            +---------+---------+-------+---------+---------+-------
        D:1 |      17 |      17 |  50.0 |      12 |       2 |  14.3
        D:2 |      77 |      26 |  25.2 |      19 |       9 |  32.1
        D:3 |     141 |       0 |   0.0 |      29 |       0 |   0.0
        D:4 |      19 |       0 |   0.0 |       2 |       0 |   0.0
            +---------+---------+-------+---------+---------+-------
